SL
ATHLETIC CLUB KC @ WIZARDING AC RAVENCLAWS
07/05/2019
 
TOP OF THE 1ST
Athletic Club KC Athletics batting - Pitching for Wizarding AC Ravenclaws : RHP Jackson Haines
Pitching: RHP Jackson Haines
Batting: SHB David Henderson 0-0: Ground out 4-3 (Groundball, 4)
Batting: RHB Jorge Trevino 0-0: Called Strike
0-1: Ball
1-1: Swinging Strike
1-2: Strikes out swinging
Batting: LHB Emílio Sáenz 0-0: Ball
1-0: Called Strike
1-1: Foul Ball, location: 2F
1-2: Strikes out swinging
Top of the 1st over - 0 run(s), 0 hit(s), 0 error(s), 0 left on base; Athletic Club KC 0 - Wizarding AC 0
BOTTOM OF THE 1ST
Wizarding AC Ravenclaws batting - Pitching for Athletic Club KC Athletics : RHP Roberto Ortega
Pitching: RHP Roberto Ortega
Batting: LHB Jerry Harris 0-0: Ground out 4-3 (Groundball, 4)
Batting: LHB William Wise 0-0: Fly out, F4 (Popup, 4MD)
Batting: RHB Matt Terry 0-0: Ball
1-0: Called Strike
1-1: Swinging Strike
1-2: Strikes out swinging
Bottom of the 1st over - 0 run(s), 0 hit(s), 0 error(s), 0 left on base; Athletic Club KC 0 - Wizarding AC 0
TOP OF THE 2ND
Athletic Club KC Athletics batting - Pitching for Wizarding AC Ravenclaws : RHP Jackson Haines
Batting: LHB Chris Rice 0-0: Swinging Strike
0-1: Ground out U3 (Groundball, 3L)
Batting: RHB Ramón Souza 0-0: Swinging Strike
0-1: Foul Ball, location: 2F
0-2: Foul Ball, location: 2F
0-2: Ball
1-2: Foul Ball, location: 2F
1-2: Strikes out swinging
Batting: RHB Cory Staton 0-0: Hit by Pitch
Batting: LHB Bob Davis 0-0: SINGLE (Groundball, 34D)
Cory Staton to second
Runner from 2nd tries for 3rd, SAFE, throw made to third
Batting: LHB Lawrence Washington 0-0: Foul Ball, location: 2F
0-1: Ball
1-1: Fielders Choice at 2nd, U4 (Groundball, 4M)
Top of the 2nd over - 0 run(s), 1 hit(s), 0 error(s), 2 left on base; Athletic Club KC 0 - Wizarding AC 0
BOTTOM OF THE 2ND
Wizarding AC Ravenclaws batting - Pitching for Athletic Club KC Athletics : RHP Roberto Ortega
Batting: LHB Dave Lee 0-0: Called Strike
0-1: Fly out, F9 (Flyball, 9LM)
Batting: LHB Walter Kirk 0-0: Called Strike
0-1: Swinging Strike
0-2: Strikes out swinging
Batting: RHB Pablo León 0-0: Swinging Strike
0-1: Ball
1-1: Foul Ball, location: 2F
1-2: Ground out U3 (Groundball, 3)
Bottom of the 2nd over - 0 run(s), 0 hit(s), 0 error(s), 0 left on base; Athletic Club KC 0 - Wizarding AC 0
TOP OF THE 3RD
Athletic Club KC Athletics batting - Pitching for Wizarding AC Ravenclaws : RHP Jackson Haines
Batting: RHB Roberto Ortega 0-0: Swinging Strike
0-1: Ball
1-1: Ball
2-1: Swinging Strike
2-2: Strikes out swinging
Batting: SHB David Henderson 0-0: Called Strike
0-1: Called Strike
0-2: Ball
1-2: Ball
2-2: SINGLE (Flyball, 78S)
Batting: RHB Jorge Trevino 0-0: Ball
1-0: Called Strike
1-1: Ground out 5-3 (Groundball, 5S)
David Henderson to second
Batting: LHB Emílio Sáenz 0-0: Foul Ball, location: 2F
0-1: Foul Ball, location: 2F
0-2: Ball
1-2: Foul Ball, location: 2F
1-2: Strikes out swinging
Top of the 3rd over - 0 run(s), 1 hit(s), 0 error(s), 1 left on base; Athletic Club KC 0 - Wizarding AC 0
BOTTOM OF THE 3RD
Wizarding AC Ravenclaws batting - Pitching for Athletic Club KC Athletics : RHP Roberto Ortega
Batting: RHB Juan Torres 0-0: Ball
1-0: Foul Ball, location: 2F
1-1: Fly out, F7 (Flyball, 78S)
Batting: LHB Stephen Baird 0-0: Called Strike
0-1: Reached on error, E1 (Groundball, 25)
Batting: SHB Jackson Haines 0-0: Sac Bunt - play at first, batter OUT! 2-4
Stephen Baird to second
Batting: LHB Jerry Harris 0-0: Ball
1-0: Called Strike
1-1: Foul Ball, location: 2F
1-2: Fly out, F7 (Line Drive, 78M)
Bottom of the 3rd over - 0 run(s), 0 hit(s), 1 error(s), 1 left on base; Athletic Club KC 0 - Wizarding AC 0
TOP OF THE 4TH
Athletic Club KC Athletics batting - Pitching for Wizarding AC Ravenclaws : RHP Jackson Haines
Batting: LHB Chris Rice 0-0: Called Strike
0-1: Fly out, F9 (Flyball, 89M)
Batting: RHB Ramón Souza 0-0: Ball
1-0: Foul Ball, location: 2F
1-1: Ball
2-1: Foul Ball, location: 2F
2-2: Foul Ball, location: 2F
2-2: Strikes out swinging
Batting: RHB Cory Staton 0-0: Ball
1-0: Ball
2-0: Ball
3-0: Called Strike
3-1: Base on Balls
Batting: LHB Bob Davis 0-0: Called Strike
0-1: Ball
1-1: Foul Ball, location: 2F
1-2: Ground out 1-3 (Groundball, 15)
Top of the 4th over - 0 run(s), 0 hit(s), 0 error(s), 1 left on base; Athletic Club KC 0 - Wizarding AC 0
BOTTOM OF THE 4TH
Wizarding AC Ravenclaws batting - Pitching for Athletic Club KC Athletics : RHP Roberto Ortega
Batting: LHB William Wise 0-0: Ball
1-0: Called Strike
1-1: Ball
2-1: Ball
3-1: Fly out, F9 (Flyball, 89XD)
Batting: RHB Matt Terry 0-0: Ball
1-0: Called Strike
1-1: Called Strike
1-2: Ball
2-2: SINGLE (Line Drive, 8RS)
Batting: LHB Dave Lee 0-0: SINGLE (Groundball, 56)
Matt Terry to second
Batting: LHB Walter Kirk 0-0: Called Strike
0-1: Called Strike
0-2: Foul Ball, location: 2F
0-2: Ball
1-2: Foul Ball, location: 2F
1-2: Ball
2-2: Grounds into double play, 4-6-3 (Groundball, 4M)
Bottom of the 4th over - 0 run(s), 2 hit(s), 0 error(s), 1 left on base; Athletic Club KC 0 - Wizarding AC 0
TOP OF THE 5TH
Athletic Club KC Athletics batting - Pitching for Wizarding AC Ravenclaws : RHP Jackson Haines
Batting: LHB Lawrence Washington 0-0: Called Strike
0-1: Fly out, F4 (Popup, 4D)
Batting: RHB Roberto Ortega 0-0: Ball
1-0: Called Strike
1-1: Ground out 4-3 (Groundball, 4)
Batting: SHB David Henderson 0-0: Ball
1-0: Foul Ball, location: 2F
1-1: Ball
2-1: Swinging Strike
2-2: Ball
3-2: Foul Ball, location: 2F
3-2: Strikes out swinging
Top of the 5th over - 0 run(s), 0 hit(s), 0 error(s), 0 left on base; Athletic Club KC 0 - Wizarding AC 0
BOTTOM OF THE 5TH
Wizarding AC Ravenclaws batting - Pitching for Athletic Club KC Athletics : RHP Roberto Ortega
Batting: RHB Pablo León 0-0: Swinging Strike
0-1: Called Strike
0-2: Ball
1-2: Foul Ball, location: 2F
1-2: Strikes out swinging
Batting: RHB Juan Torres 0-0: Ball
1-0: Called Strike
1-1: Swinging Strike
1-2: Ground out 5-3 (Groundball, 5S)
Batting: LHB Stephen Baird 0-0: Ball
1-0: Called Strike
1-1: Ball
2-1: Ground out 1-3 (Groundball, 13S)
Bottom of the 5th over - 0 run(s), 0 hit(s), 0 error(s), 0 left on base; Athletic Club KC 0 - Wizarding AC 0
TOP OF THE 6TH
Athletic Club KC Athletics batting - Pitching for Wizarding AC Ravenclaws : RHP Jackson Haines
Batting: RHB Jorge Trevino 0-0: Ball
1-0: Swinging Strike
1-1: DOUBLE (Line Drive, 7LD)
Batting: LHB Emílio Sáenz 0-0: Intentional Walk
Batting: LHB Chris Rice 0-0: Ball
1-0: Foul Ball, location: 2F
1-1: 3-RUN HOME RUN (Flyball, 9LD), Distance : 335 ft
Batting: RHB Ramón Souza 0-0: Foul Ball, location: 2F
0-1: Ball
1-1: Foul Ball, location: 2F
1-2: Fly out, F7 (Flyball, 7LD)
Batting: RHB Cory Staton 0-0: Ball
1-0: Called Strike
1-1: Ball
2-1: Fly out, F9 (Flyball, 9M)
Batting: LHB Bob Davis 0-0: Ball
1-0: Ball
2-0: Fly out, F6 (Popup, 56D)
Top of the 6th over - 3 run(s), 2 hit(s), 0 error(s), 0 left on base; Athletic Club KC 3 - Wizarding AC 0
BOTTOM OF THE 6TH
Wizarding AC Ravenclaws batting - Pitching for Athletic Club KC Athletics : RHP Roberto Ortega
Batting: SHB Jackson Haines 0-0: Ball
1-0: Ball
2-0: Called Strike
2-1: Foul Ball, location: 2F
2-2: Ball
3-2: Strikes out swinging
Batting: LHB Jerry Harris 0-0: Ball
1-0: Called Strike
1-1: Swinging Strike
1-2: Strikes out looking
Batting: LHB William Wise 0-0: Ball
1-0: Ball
2-0: Foul Ball, location: 2F
2-1: Foul Ball, location: 2F
2-2: Ball
3-2: SINGLE (Line Drive, 9S)
Batting: RHB Matt Terry 0-0: Ball
1-0: Swinging Strike
1-1: Ball
2-1: Ball
3-1: Foul Ball, location: 2F
3-2: Strikes out swinging
Bottom of the 6th over - 0 run(s), 1 hit(s), 0 error(s), 1 left on base; Athletic Club KC 3 - Wizarding AC 0
TOP OF THE 7TH
Athletic Club KC Athletics batting - Pitching for Wizarding AC Ravenclaws : RHP Jackson Haines
Batting: LHB Lawrence Washington 0-0: Ball
1-0: Called Strike
1-1: Ball
2-1: Foul Ball, location: 2F
2-2: Strikes out swinging
Pinch Hitting: RHB Rick Atkinson 0-0: Foul Ball, location: 2F
0-1: Foul Ball, location: 2F
0-2: Ball
1-2: Foul Ball, location: 2F
1-2: Ball
2-2: Ball
3-2: SINGLE (Groundball, 56D) (infield hit)
Batting: SHB David Henderson 0-0: Swinging Strike
0-1: Foul Ball, location: 2F
0-2: Foul Ball, location: 2F
0-2: Ball
Wild Pitch!
Rick Atkinson to second
1-2: Foul Ball, location: 2F
1-2: Ball
2-2: Foul Ball, location: 2F
2-2: Strikes out looking
Pitching: RHP Dave Strong
Batting: RHB Jorge Trevino 0-0: Ball
1-0: Ball
2-0: Ground out 5-3 (Groundball, 5L)
Top of the 7th over - 0 run(s), 1 hit(s), 0 error(s), 1 left on base; Athletic Club KC 3 - Wizarding AC 0
BOTTOM OF THE 7TH
Wizarding AC Ravenclaws batting - Pitching for Athletic Club KC Athletics : RHP Roberto Ortega
Pitching: RHP Byron Rogers
Batting: LHB Dave Lee 0-0: Ball
1-0: Fly out, F9 (Flyball, 9D)
Batting: LHB Walter Kirk 0-0: Called Strike
0-1: Ball
1-1: Foul Ball, location: 2F
1-2: Foul Ball, location: 2F
1-2: Ball
2-2: Foul Ball, location: 2F
2-2: SINGLE (Flyball, 78M)
Batting: RHB Pablo León 0-0: Ball
1-0: Ball
2-0: Called Strike
2-1: DOUBLE (Flyball, 89D)
Walter Kirk to third
Batting: RHB Juan Torres 0-0: Ball
1-0: Ball
2-0: Called Strike
2-1: Ball
3-1: Base on Balls
Batting: LHB Stephen Baird 0-0: Ball
1-0: Ball
2-0: Ball
3-0: Swinging Strike
3-1: Base on Balls
Walter Kirk scores
Pablo León to third
Juan Torres to second
Pinch Hitting: RHB Manuel González 0-0: Foul Ball, location: 2F
0-1: Ball
1-1: Fly out, F4 (Popup, 34)
Batting: LHB Jerry Harris 0-0: Called Strike
0-1: Called Strike
0-2: Strikes out swinging
Bottom of the 7th over - 1 run(s), 2 hit(s), 0 error(s), 3 left on base; Athletic Club KC 3 - Wizarding AC 1
TOP OF THE 8TH
Athletic Club KC Athletics batting - Pitching for Wizarding AC Ravenclaws : RHP Dave Strong
Pitching: LHP Gustavo Domínguez
Batting: LHB Emílio Sáenz 0-0: Called Strike
0-1: Swinging Strike
0-2: Foul Ball, location: 2F
0-2: Strikes out swinging
Batting: LHB Chris Rice 0-0: Swinging Strike
0-1: Foul Ball, location: 2F
0-2: Foul Ball, location: 2F
0-2: Ball
1-2: Ball
2-2: Strikes out swinging
Batting: RHB Ramón Souza 0-0: Ball
1-0: SINGLE (Groundball, 6D)
Batting: RHB Cory Staton 0-0: Fly out, F7 (Flyball, 78S)
Top of the 8th over - 0 run(s), 1 hit(s), 0 error(s), 1 left on base; Athletic Club KC 3 - Wizarding AC 1
BOTTOM OF THE 8TH
Wizarding AC Ravenclaws batting - Pitching for Athletic Club KC Athletics : RHP Byron Rogers
Batting: LHB William Wise 0-0: Called Strike
0-1: Ground out 4-3 (Groundball, 4M)
Batting: RHB Matt Terry 0-0: Ball
1-0: Ball
2-0: Foul Ball, location: 2F
2-1: Ball
3-1: Foul Ball, location: 2F
3-2: Foul Ball, location: 2F
3-2: Foul Ball, location: 2F
3-2: Fly out, F8 (Flyball, 8RS)
Batting: LHB Dave Lee 0-0: Called Strike
0-1: Ground out U3 (Groundball, 3L)
Bottom of the 8th over - 0 run(s), 0 hit(s), 0 error(s), 0 left on base; Athletic Club KC 3 - Wizarding AC 1
TOP OF THE 9TH
Athletic Club KC Athletics batting - Pitching for Wizarding AC Ravenclaws : LHP Gustavo Domínguez
Batting: LHB Bob Davis 0-0: Ball
1-0: Ball
2-0: Called Strike
2-1: Ball
3-1: SINGLE (Groundball, 34D)
Batting: LHB Lawrence Washington 0-0: Called Strike
0-1: Ball
1-1: Foul Ball, location: 2F
1-2: Foul Ball, location: 2F
1-2: DOUBLE (Flyball, 78D)
Bob Davis to third
Pitching: RHP Mike Pinhey
Pinch Hitting: LHB Tony Reynolds 0-0: Ball
1-0: Swinging Strike
1-1: Ball
2-1: Foul Ball, location: 2F
2-2: Ground out U3 (Groundball, 3S)
Batting: SHB David Henderson 0-0: Intentional Walk
Batting: RHB Jorge Trevino 0-0: Ball
1-0: SINGLE (Groundball, 56D)
Bob Davis scores
Lawrence Washington to third
David Henderson to second
Runner from 3rd tries for Home, throw and OUT!
Batting: LHB Emílio Sáenz 0-0: Swinging Strike
0-1: Ball
1-1: Swinging Strike
1-2: Ball
2-2: Foul Ball, location: 2F
2-2: Foul Ball, location: 2F
2-2: Reached on error, E4 (Groundball, 34)
David Henderson to third
Jorge Trevino to second
Batting: LHB Chris Rice 0-0: Foul Ball, location: 2F
0-1: Ball
1-1: Swinging Strike
1-2: Ball
Wild Pitch!
David Henderson scores
Jorge Trevino to third
Emílio Sáenz to second
2-2: Foul Ball, location: 2F
2-2: SINGLE (Groundball, 4MD)
Jorge Trevino scores
Emílio Sáenz to third
Runner from 3rd tries for Home, SAFE, throw made home
Pitching: RHP Connor Dale
Batting: RHB Ramón Souza 0-0: Called Strike
0-1: Foul Ball, location: 2F
0-2: Strikes out swinging
Top of the 9th over - 4 run(s), 4 hit(s), 1 error(s), 1 left on base; Athletic Club KC 7 - Wizarding AC 1
BOTTOM OF THE 9TH
Wizarding AC Ravenclaws batting - Pitching for Athletic Club KC Athletics : RHP Byron Rogers
Pitching: RHP Manuel Hernández
Batting: LHB Walter Kirk 0-0: Called Strike
0-1: Foul Ball, location: 2F
0-2: Ball
1-2: Fly out, F8 (Flyball, 8RXD)
Batting: RHB Pablo León 0-0: Called Strike
0-1: Ball
1-1: Foul Ball, location: 2F
1-2: Strikes out swinging
Batting: RHB Juan Torres 0-0: SINGLE (Line Drive, 8LS)
Batting: LHB Stephen Baird 0-0: Ground out 6-3 (Groundball, 6)
Bottom of the 9th over - 0 run(s), 1 hit(s), 0 error(s), 1 left on base; Athletic Club KC 7 - Wizarding AC 1
This league is powered by Out of the Park Baseball, the baseball management simulation game for PC, Mac and Linux
Saturday, July 25th, 2015 - OOTP Baseball 15.6 Build 34